 Dungeon Crawl Stone Soup version 0.31.0-9-g3a7656b989 (webtiles) character file.

Game seed: 11540032692197427306

775 qw the Shooter (level 7, 0/35 HPs)
             Began as a Spriggan Hunter on Feb 2, 2024.
             Was a Follower of Okawaru.
             Slain by an orc warrior
             ... wielding a +0 mace
              (7 damage)
             ... on level 8 of the Dungeon.
             The game lasted 00:00:13 (3653 turns).

qw the Shooter (Spriggan Hunter)                    Turns: 3653, Time: 00:00:14

Health: 0/35       AC:  3    Str: 10    XL:     7   Next: 54%
Magic:  19/19      EV: 21    Int: 11    God:    Okawaru [*.....]
Gold:   146        SH:  0    Dex: 20    Spells: 6/6 levels left

rFire   x x .        a - +0 shortbow
rCold   + . .        (shield currently unavailable)
rNeg    . . .        c - +0 robe
rPois   +            (helmet restricted)
rElec   .            l - +0 cloak of Least Resistance {^Contam rF- Will+++ MP+9 Str+3}
rCorr   .            (gloves unavailable)
SInv    +            (boots unavailable)
Will    ++++.        (no amulet)
Stlth   ++           j - ring of ice
HPRegen 0.25/turn    g - ring of poison resistance
MPRegen 0.16/turn

%: no passive effects
@: very quick
A: very small, no large weapons, unfitting armour, see invisible, speed 3
a: Renounce Religion, Heroism


You were on level 8 of the Dungeon.
You worshipped Okawaru.
Okawaru was aware of your devotion.
You visited 1 branch of the dungeon, and saw 6 of its levels.

You collected 146 gold pieces.


Innate Abilities, Weirdness & Mutations

You are very small and have problems with some larger weapons.
You are too small for most types of armour.
You have supernaturally acute eyesight. (SInv)
You cover ground extremely quickly. (Speed+++)


   Skills:
 - Level 2.2 Fighting
 - Level 7.1 Ranged Weapons
 + Level 6.2 Dodging
 - Level 1.5 Stealth
 + Level 3.4 Invocations


You had 6 spell levels left.
You didn't know any spells.
Your spell library was empty.

Inventory:

Hand Weapons
 a - a +0 shortbow (weapon)
Armour
 c - a +0 robe (worn)
 l - the +0 cloak of Least Resistance (worn) {^Contam rF- Will+++ MP+9 Str+3}
   (You found it on level 4 of the Dungeon)

   Str+3:     It affects your strength (+3).
   rF-:       It makes you vulnerable to fire.
   Will+++:   It greatly increases your willpower.
   MP+9:      It affects your magic capacity (+9).
   ^Contam:   It causes magical contamination when unequipped.
Jewellery
 g - a ring of poison resistance (right hand)
 j - a ring of ice (left hand)
 Y - a ring of resist corrosion
Wands
 i - a wand of roots (11)
Scrolls
 b - a scroll of identify
 h - 2 scrolls of enchant armour
Potions
 d - 2 potions of might
 f - a potion of enlightenment
 k - a potion of curing {unknown}

Dungeon Overview and Level Annotations

Branches:
Dungeon (5/15)
 Temple: D:4-7

Altars:
Okawaru
Yredelemnul
The Shining One

Shops:
D:2 :


Message History

You shoot an arrow. The arrow barely misses the orc wizard.
You shoot an arrow. The arrow hits the orc warrior!
The orc warrior is moderately wounded.
You shoot an arrow. The arrow hits the orc warrior.
The orc warrior is heavily wounded.
You shoot an arrow.
The arrow hits the orc warrior but does no damage.
The orc warrior is heavily wounded.
You shoot an arrow.
The arrow closely misses the orc warrior.
The orc warrior hits you with a +0 mace.
You shoot an arrow.
The arrow barely misses the orc warrior.
The orc warrior completely misses you.
You shoot an arrow. The arrow hits the orc wizard.
The orc wizard is severely wounded.
The orc warrior completely misses you.
The orc wizard gestures at you while chanting.
The puff of flame hits you! The fire burns you terribly!
You shoot an arrow. The arrow hits the orc wizard.
The orc wizard is almost dead.
The orc warrior barely misses you. The orc wizard completely misses you.
You shoot an arrow. The arrow barely misses the orc wizard.
The orc warrior hits you with a +0 mace.
The orc wizard barely misses you.
You shoot an arrow. The arrow hits the orc wizard!
You kill the orc wizard!
Okawaru accepts your kill. The orc warrior misses you.
You shoot an arrow.
The arrow hits the orc warrior but does no damage.
The orc warrior is heavily wounded.
The orc warrior hits you with a +0 mace.
You shoot an arrow.
The arrow closely misses the orc warrior.
The orc warrior barely misses you.
You shoot an arrow. The arrow hits the orc warrior.
The orc warrior is heavily wounded.
The orc warrior hits you with a +0 mace!
You die...

... .# ## .....##
.. ).#... ..
#)#..##. ##...#.
..... #)o######
####. #.@.....##
#.... ##.#.....#
#....
#.......######....
#.#...............
#.##...#######....
#.###.## #.... #.#
#.########.... ..#
#...........#. ..#
#############.


You could see an orc warrior.

Vanquished Creatures
  2 sky beasts (D:8)
  An ogre (D:5)
  A weeping skull (D:3)
  4 wights (D:8)
  A crimson imp (D:4)
  3 orc wizards
  5 adders
  A white imp (D:5)
  4 dart slugs
  7 orcs
  7 ball pythons
  6 bats
  4 endoplasms
  A giant cockroach (D:4)
  6 hobgoblins
  5 kobolds
  2 quokkas
  10 goblins
  2 goblin skeletons (D:4)
  A kobold skeleton (D:4)
  2 orc skeletons (D:4)
  2 orc zombies (D:4)
  A rat (D:1)
  A spectral orc (D:3)
79 creatures vanquished.

Notes
Turn   | Place    | Note
-------+----------+-------------------------------------------
     0 | D:1      | qw the Spriggan Hunter began the quest for the Orb.
     0 | D:1      | Reached XP level 1. HP: 10/10 MP: 2/2
     0 | D:1      | 0 ||| qw: Version: 0.3-a-155-g5e7d8dd
     0 | D:1      | 0 ||| qw: Game counter: 2350
     0 | D:1      | 0 ||| qw: Melee chars always use a shield: true
     0 | D:1      | 0 ||| qw: God list: Okawaru
     0 | D:1      | 0 ||| qw: Allow faded altars: false
     0 | D:1      | 0 ||| qw: Do Orc after clearing Dungeon:15 true
     0 | D:1      | 0 ||| qw: Do second Lair branch before Depths: true
     0 | D:1      | 0 ||| qw: Lair rune preference: random
     0 | D:1      | 0 ||| qw: Goals: Normal
     0 | D:1      | 0 ||| PLANNING D:1-11
     7 | D:1      | Reached skill level 3 in Dodging
    76 | D:1      | Reached XP level 2. HP: 14/14 MP: 3/3
   349 | D:1      | 349 ||| UPGRADING to ring of resist corrosion.
   350 | D:1      | 350 ||| READING scroll labelled FUKKIDW BEMOGH.
   351 | D:1      | 351 ||| READING scroll labelled YKHETSININ.
   352 | D:1      | 352 ||| DRINKING 2 murky silvery potions.
   388 | D:1      | 388 ||| DROPPING scroll of butterflies.
   389 | D:1      | 389 ||| DROPPING potion of lignification.
   447 | D:2      | Found a faded altar of an unknown god.
   637 | D:2      | Reached XP level 3. HP: 18/18 MP: 4/4
   926 | D:2      | Found Roiceih's Vocational Training.
  1083 | D:2      | Reached skill level 5 in Ranged Weapons
  1328 | D:2      | 1328 ||| DROPPING ring of magical power.
  1329 | D:2      | 1329 ||| READING 2 scrolls labelled FUATEJ HUDOYNT.
  1329 | D:2      | 1329 ||| IDENTIFYING grey potion
  1330 | D:2      | 1330 ||| READING scroll of identify.
  1330 | D:2      | 1330 ||| IDENTIFYING fuming yellow potion
  1331 | D:2      | 1331 ||| READING scroll labelled UGESUO VAUTU.
  1331 | D:2      | 1331 ||| ENCHANTING +0 shortbow.
  1429 | D:3      | Reached XP level 4. HP: 22/22 MP: 5/5
  1647 | D:3      | Found an iron altar of Okawaru.
  1648 | D:3      | 1648 ||| PLANNING OKAWARU WORSHIP
  1648 | D:3      | 1648 ||| UPGRADING to ring of poison resistance.
  1649 | D:3      | 1649 ||| READING scroll labelled WAISOUDGHISM.
  1650 | D:3      | 1650 ||| READING scroll labelled ZINUANL VYPT.
  1759 | D:3      | Became a worshipper of Warmaster Okawaru
  1760 | D:3      | 1760 ||| PLANNING D:1-11
  1892 | D:3      | Found a basalt altar of Yredelemnul.
  1892 | D:3      | Noticed a weeping skull
  1898 | D:3      | Killed a weeping skull
  1899 | D:3      | Reached XP level 5. HP: 25/25 MP: 6/6
  2069 | D:3      | 2069 ||| READING scroll of identify.
  2069 | D:3      | 2069 ||| IDENTIFYING white potion
  2267 | D:4      | Found a glowing golden altar of the Shining One.
  2560 | D:4      | Identified the +0 cloak of Least Resistance {^Contam rF-
                  | Will+++ MP+9 Str+3}
  2696 | D:4      | 2696 ||| UPGRADING to +0 cloak of Least Resistance {^Contam
                  | rF- Will+++ MP+9 Str+3}.
  2766 | D:4      | 2766 ||| UPGRADING to ring of ice.
  2768 | D:4      | 2768 ||| READING scroll labelled VEFRAE NIACK.
  2791 | D:5      | Entered Level 5 of the Dungeon
  2912 | D:5      | HP: 2/26 [orc wizard/puff of flame (9)]
  2913 | D:5      | 2913 ||| DRINKING 2 potions of heal wounds.
  3106 | D:5      | Noticed an ogre
  3118 | D:5      | Killed an ogre
  3118 | D:5      | Reached * piety under Okawaru
  3119 | D:5      | Reached skill level 6 in Ranged Weapons
  3119 | D:5      | Reached XP level 6. HP: 30/30 MP: 7/7
  3329 | D:5      | You fall into a shaft and drop 3 floors!
  3349 | D:8      | Noticed a sky beast
  3350 | D:8      | 3350 ||| RETREEEEATING.
  3352 | D:8      | 3352 ||| RETREEEEATING.
  3356 | D:8      | Reached skill level 6 in Dodging
  3356 | D:8      | Reached skill level 1 in Invocations
  3356 | D:8      | 3356 ||| INVOKING Heroism.
  3371 | D:8      | HP: 7/30 [sky beast (5)]
  3372 | D:8      | 3372 ||| DRINKING 2 potions of heal wounds.
  3373 | D:8      | 3373 ||| INVOKING Heroism.
  3374 | D:8      | Killed a sky beast
  3379 | D:8      | Reached XP level 7. HP: 21/35 MP: 9/9
  3485 | D:8      | HP: 8/35 [sky beast (3)]
  3485 | D:8      | HP: 3/35 [sky beast (5)]
  3486 | D:8      | 3486 ||| DRINKING potion of heal wounds.
  3494 | D:8      | Reached skill level 7 in Ranged Weapons
  3494 | D:8      | Reached skill level 3 in Invocations
  3651 | D:8      | HP: 7/35 [orc warrior/+0 mace (5)]
  3653 | D:8      | Slain by an orc warrior

Levels and vault maps discovered:
D:1:      lightli_arrival_maybe_door_vault, layout_rooms, serial_bayou_ford_a
D:2:      layout_loops_corners, hellmonk_ecumenical_altar_crossroads,
          nicolae_shop_vocational
D:3:      layout_loops_ring, yredelemnul_forgotten_temple_becter,
          lemuel_round_altar
D:4:      layout_basic, nicolae_tso_besieged_by_evil, minivault_26,
          chequers_serial_rivers_micro_d
D:5:      minmay_goblin_kobold_castle, layout_layer_cave,
          nicolae_qazlal_beasts_of_the_sky, grunt_decor_fettered,
          chequers_decorated_corner
D:8:      layout_loops_ring, uniq_maurice

Skill      XL: |  1  2  3  4  5  6  7 |
---------------+----------------------+-----
Dodging        | 3 4 5 6 |  6.2
Ranged Weapons | 5 6 7 |  7.1
Fighting       | 2 |  2.2
Invocations    | 2 3 |  3.4
Stealth        | |  1.5

Action                     |  1- 3 |  4- 6 |  7- 9 || total
---------------------------+-------+-------+-------++-------
   Fire: Shortbow          |   100 |   155 |    52 ||   307
 Invoke: Heroism           |       |     2 |       ||     2
    Use: Scroll            |     5 |     4 |       ||     9
         Potion            |     1 |     2 |     1 ||     4
 Armour: Robe              |    17 |    20 |    14 ||    51
  Dodge: Dodged            |    44 |    72 |    20 ||   136

Table legend:
 A = Non-vault XP
 B = Vault XP
 C = Vault XP percentage of total XP
 D = Non-vault monster count
 E = Vault monster count
 F = Vault count percentage of total count
                 A         B        C        D         E       F
            +---------+---------+-------+---------+---------+-------
      Total |     959 |     149 |  13.4 |      66 |      13 |  16.5
            +---------+---------+-------+---------+---------+-------
        D:1 |      24 |       0 |   0.0 |      11 |       0 |   0.0
        D:2 |      61 |       0 |   0.0 |      15 |       0 |   0.0
        D:3 |      33 |      88 |  72.7 |      16 |       2 |  11.1
        D:4 |      25 |      55 |  68.8 |       6 |       8 |  57.1
        D:5 |     227 |       6 |   2.6 |       8 |       3 |  27.3
        D:8 |     589 |       0 |   0.0 |      10 |       0 |   0.0
            +---------+---------+-------+---------+---------+-------
